 Dungeon Crawl Stone Soup version 0.26.1-2-gb8aa6d0cf2 (webtiles) character file.

Game seed: 14878217722255570715

8498 sizableburger the Quickloader (level 11, 0/84 HPs)
             Began as a Human Hunter on Mar 19, 2021.
             Was a Believer of Fedhas.
             Slain by a komodo dragon (21 damage)
             ... on level 1 of the Lair of Beasts.
             The game lasted 00:38:31 (16979 turns).

sizableburger the Quickloader (Human Hunter)       Turns: 16979, Time: 00:38:32

Health: 0/84       AC: 10    Str: 15    XL:     11   Next: 56%
Magic:  16/16      EV: 11    Int: 13    God:    Fedhas [**....]
Gold:   559        SH:  0    Dex: 13    Spells: 10/10 levels left

rFire    . . .     SeeInvis .   b - +0 short sword
rCold    . . .     Faith    .   (no shield)
rNeg     . . .     Spirit   .   l - +0 ring mail
rPois    .         Reflect  .   r - +0 helmet
rElec    .         Harm     .   (no cloak)
rCorr    +         Rampage  .   s - +2 pair of gloves
Will     .....                  (no boots)
Stlth    +.........             (no amulet)
HPRegen  0.24/turn              t - ring of resist corrosion
MPRegen  0.15/turn              (no ring)

@: no status effects
A: no striking features
a: Renounce Religion, Wall of Briars


You were on level 1 of the Lair of Beasts.
You worshipped Fedhas.
Fedhas was pleased with you.
You visited 3 branches of the dungeon, and saw 12 of its levels.

You collected 559 gold pieces.

Inventory:

Hand Weapons
 a - a +1 hand crossbow
 b - a +0 short sword (weapon)
Armour
 l - a +0 ring mail (worn)
 r - a +0 helmet (worn)
 s - a +2 pair of gloves (worn)
Jewellery
 t - a ring of resist corrosion (left hand)
Wands
 k - a wand of paralysis (1)
 p - a wand of digging (11)
Scrolls
 e - 2 scrolls of noise
 i - 2 scrolls of teleportation
 j - 3 scrolls of remove curse
 m - 3 scrolls of amnesia
 v - a scroll of magic mapping
Potions
 f - a potion of mutation
 h - a potion of might
 n - 2 potions of cancellation
 o - 2 potions of resistance {unknown}
 q - a potion of attraction
 x - a potion of curing
 z - 2 potions of brilliance


   Skills:
 + Level 7.3 Fighting
 + Level 9.1 Short Blades
 + Level 10.0 Crossbows
 - Level 4.6 Armour
 - Level 2.4 Dodging
 - Level 1.0 Stealth
 + Level 7.1 Invocations
 + Level 3.1 Evocations


You had 10 spell levels left.
You didn't know any spells.
Your spell library contained the following spells:

 Spells                   Type           Power        Failure   Level
 Corona                   Hex            0%           50%         1
 Ensorcelled Hibernation  Hex/Ice        0%           65%         2
 Confusing Touch          Hex            0%           86%         3
 Dazzling Flash           Conj/Hex       0%           86%         3
 Tukima's Dance           Hex            0%           86%         3


Dungeon Overview and Level Annotations

Branches:
Dungeon (10/15)            Temple (1/1) D:6            Lair (1/6) D:8
    Orc: D:9-12

Altars:
Cheibriados
Dithmenos
Fedhas
Hepliaklqana
Makhleb
Nemelex Xobeh
Qazlal
Uskayaw
Vehumet
Wu Jian
Xom

Shops:
D:9 :

Annotations:
D:9 3 runed translucent doors, cghgu's ghost, novice OpWz


Message History

Aiming: Paralyse
Press: ? - help, Shift-Dir - straight line, f/p - komodo dragon
Aim: a komodo dragon (lightly wounded, chance to affect: 37%)
The komodo dragon easily resists.
Unknown command.
Aiming: Paralyse
Press: ? - help, Shift-Dir - straight line, f/p - komodo dragon
Aim: a komodo dragon (lightly wounded, chance to affect: 37%)
The komodo dragon easily resists.
The komodo dragon bites you!!
* * * LOW HITPOINT WARNING * * *
Unknown command.
Okay, then.
Okay, then.
Okay, then.
Aiming: Paralyse
Press: ? - help, Shift-Dir - straight line, f/p - komodo dragon
Aim: a komodo dragon (lightly wounded, chance to affect: 37%)
The komodo dragon easily resists.
The komodo dragon bites you!!
You die...
Fedhas appreciates your contribution to the ecosystem.

#.###.#+.#.....#P###.P
#.....................
#.....................
##.....................
#........................
##.####P+#.##.....##.#.P#
#.#........#.....##.#..
#..........#..l..#P...#
#.#........#..@.......#
##..........#.....##...##....
#..#........#.....##...##...#
##..........#..........##...#
#..#........#.....##...##...#
##..........#...........#...#
#.##P.+#.###......#.#.##...####
#................####.#P....##.
#..............................


You could see a komodo dragon.

Vanquished Creatures
  A hydra (Lair:1)
  2 two-headed ogres
  Pikel (D:8)
  Grinder (D:5)
  5 wyverns
  A yak (D:9)
  Grum (D:8)
  Edmund (D:6)
  5 water moccasins
  An orc warrior (D:7)
  A phantom (D:8)
  An ice beast (D:5)
  A black bear (D:8)
  3 sky beasts
  6 ogres
  8 wolves
  A centaur (D:5)
  A big kobold (D:9)
  4 lemures
  5 bullfrogs
  A wyvern skeleton (D:9)
  5 scorpions
  A water moccasin skeleton (D:9)
  4 killer bees
  2 howler monkeys
  A centaur zombie (D:5)
  4 hounds
  A quasit (D:10)
  6 orc priests
  3 centaur skeletons
  Jessica (D:2)
  7 worker ants
  3 iguanas
  4 orc wizards
  2 hound zombies
  Robin (D:4)
  2 hound skeletons
  9 adders
  A shadow imp (D:5)
  3 white imps
  An ooze (D:4)
  An adder skeleton (D:8)
  2 adder zombies
  A worm (D:4)
  2 dart slugs
  3 leopard geckos
  25 orcs
  5 giant cockroaches
  9 hobgoblins
  13 jackals
  9 kobolds
  4 quokkas
  3 ball pythons
  6 bats
  3 frilled lizards
  12 goblins
  A jackal skeleton (D:9)
  A leopard gecko skeleton (D:7)
  A leopard gecko zombie (D:9)
  A quokka skeleton (D:8)
  7 rats
221 creatures vanquished.

Vanquished Creatures (others)
  An orc (D:5)
  A bush (D:8)
  11 fungi
  31 plants
44 creatures vanquished.

Grand Total: 265 creatures vanquished

Notes
Turn   | Place    | Note
-------+----------+-------------------------------------------
     0 | D:1      | sizableburger the Human Hunter began the quest for the Orb.
     0 | D:1      | Reached XP level 1. HP: 16/16 MP: 1/1
   191 | D:1      | Reached XP level 2. HP: 17/22 MP: 2/2
   347 | D:1      | Reached skill level 1 in Short Blades
   593 | D:1      | Reached XP level 3. HP: 28/28 MP: 3/3
   886 | D:2      | Noticed Jessica
   968 | D:2      | Killed Jessica
   969 | D:2      | Reached XP level 4. HP: 34/34 MP: 4/4
   975 | D:2      | Found a snail-covered altar of Cheibriados.
  1752 | D:3      | Found a hazy altar of Hepliaklqana.
  1756 | D:3      | Found a shadowy altar of Dithmenos.
  1756 | D:3      | Noticed a shadow
  2519 | D:3      | Reached XP level 5. HP: 28/41 MP: 5/5
  2758 | D:4      | Found a burning altar of Makhleb.
  3021 | D:4      | Reached skill level 5 in Crossbows
  3025 | D:4      | Noticed an ogre
  3032 | D:5      | Entered Level 5 of the Dungeon
  3168 | D:4      | Killed an ogre
  3169 | D:4      | Reached XP level 6. HP: 48/48 MP: 6/6
  3368 | D:4      | Noticed Robin
  3372 | D:4      | Killed Robin
  3661 | D:4      | Reached XP level 7. HP: 38/54 MP: 7/7
  3831 | D:4      | Found a stormy altar of Qazlal.
  4724 | D:5      | Reached skill level 6 in Crossbows
  4769 | D:5      | Noticed Grinder
  4788 | D:5      | Reached skill level 5 in Fighting
  4792 | D:5      | Killed Grinder
  4793 | D:5      | Reached skill level 5 in Short Blades
  4793 | D:5      | Reached XP level 8. HP: 34/62 MP: 8/8
  5916 | D:5      | Reached skill level 7 in Crossbows
  6642 | D:5      | Reached skill level 1 in Armour
  7418 | D:6      | Found a radiant altar of Vehumet.
  7666 | D:6      | Noticed Edmund
  7690 | D:6      | Killed Edmund
  7691 | D:6      | Reached XP level 9. HP: 30/68 MP: 9/9
  7960 | D:6      | Found a staircase to the Ecumenical Temple.
  7971 | Temple   | Entered the Ecumenical Temple
  7985 | Temple   | Became a worshipper of Fedhas Madash
  8653 | D:7      | Reached skill level 1 in Invocations
  9401 | D:7      | Reached skill level 8 in Crossbows
 10258 | D:8      | Noticed Grum
 10747 | D:8      | Found a stormy altar of Qazlal.
 10752 | D:8      | Reached * piety under Fedhas
 10934 | D:8      | Reached XP level 10. HP: 28/74 MP: 12/12
 12044 | D:8      | Reached skill level 5 in Invocations
 12154 | D:8      | Reached skill level 9 in Crossbows
 12250 | D:8      | Killed Grum
 12526 | D:8      | Found a staircase to the Lair.
 12969 | D:8      | Noticed a two-headed ogre
 13097 | D:8      | Killed a two-headed ogre
 13232 | D:9      | Found Onust's Book Boutique.
 13304 | D:9      | Found a runed translucent gate.
 13305 | D:9      | Noticed cghgu's ghost (novice OpWz)
 13315 | D:9      | Noticed a gargoyle
 13542 | D:9      | Reached XP level 11. HP: 83/83 MP: 15/15
 14237 | D:9      | Reached skill level 1 in Evocations
 14302 | D:9      | Found an ornate altar of the Wu Jian Council.
 14630 | D:9      | Noticed Pikel
 14645 | D:8      | Killed Pikel
 14797 | D:9      | Reached ** piety under Fedhas
 14801 | D:9      | Found a runed translucent gate.
 14803 | D:9      | Found a runed translucent gate.
 15252 | D:10     | Entered Level 10 of the Dungeon
 15651 | D:10     | Noticed a two-headed ogre
 15693 | D:9      | Killed a two-headed ogre
 16150 | Lair:1   | Entered Level 1 of the Lair of Beasts
 16845 | Lair:1   | Noticed a six-headed hydra
 16875 | Lair:1   | Killed a six-headed hydra
 16876 | Lair:1   | Reached skill level 10 in Crossbows
 16979 | Lair:1   | Slain by a komodo dragon

Illustrated notes

Levels and vault maps discovered:
D:1:      amcnicky_arrival_flooded_fountain, layout_basic
D:2:      layout_rooms, lemuel_crystal_altar, supply_closet_lemuel,
          kennysheep_boxes, uniq_jessica
D:3:      layout_basic, riverfiend_overflow_shadow_ancestor
D:4:      layout_rooms, overflow_temple_1_default, chequers_big_river,
          makhleb_blood_cavern_becter, uniq_robin
D:5:      layout_gridville, portal_sewer_entry_d, enter_ossuary_1, uniq_grinder
D:6:      layout_basic, old_standard_altar, minmay_temple_entry_fiery,
          uniq_edmund
D:7:      cheibrodos_helix_gallery, layout_basic, hangedman_decor_lopped
D:8:      layout_rooms, minmay_lair_entry_grove, basic_altar, uniq_grum
D:9:      layout_cave_pods, nzn_wu_jian_council_hall, serial_shops, shop,
          gammafunk_ghost_split, st_stairs_4, uniq_pikel
D:10:     layout_basic, orc_0_dummy, gammafunk_ghost_wrathful_warriors,
          minmay_fractal_squares_gapless_5, uniq_maurice
Temple:   eino_temple_scatter_basement
Lair:1:   layout_regular_city, st_stairs_9, beast_lair_carwin_4,
          lemuel_fruit_fields

Skill      XL: |  1  2  3  4  5  6  7  8  9 10 11 |
---------------+----------------------------------+-----
Short Blades   | 1 2 3 5 6 7 8 9 |  9.1
Fighting       | 3 4 5 6 7 |  7.3
Crossbows      | 5 6 7 8 9 10 | 10.0
Armour         | 2 4 |  4.6
Invocations    | 3 6 7 |  7.1
Evocations     | 3 |  3.1
Dodging        | |  2.4
Stealth        | |  1.0

Action                   |  1- 3 |  4- 6 |  7- 9 | 10-12 || total
-------------------------+-------+-------+-------+-------++-------
Melee: Short sword       |    41 |   179 |   586 |   411 ||  1217
 Fire: Hand crossbow     |    21 |    56 |   137 |   223 ||   437
Evoke: Wand              |       |       |     3 |    12 ||    15
  Use: Scroll            |     1 |     9 |     5 |     6 ||    21
       Potion            |       |     2 |    12 |     6 ||    20
 Stab: Sleeping          |       |     1 |       |       ||     1
Armor: Leather armour    |    22 |    84 |    95 |       ||   201
       Skin              |       |       |    40 |    34 ||    74
       Ring mail         |       |       |   141 |   169 ||   310
Dodge: Dodged            |    37 |   199 |   326 |   213 ||   775
